 Dungeon Crawl Stone Soup version 0.29.1-1-gd02db6906a (webtiles) character file.

Game seed: 14053151435786388614

39 Earthwalker the Trooper (level 3, 0/33 HPs)
             Began as a Minotaur Fighter on Oct 14, 2022.
             Slain by a gnoll
             ... wielding a +0 halberd of protection
              (4 damage)
             ... on level 2 of the Dungeon.
             The game lasted 00:01:26 (885 turns).

Earthwalker the Trooper (Minotaur Fighter)           Turns: 885, Time: 00:01:26

Health: 0/33       AC:  7    Str: 22    XL:     3   Next: 28%
Magic:  2/2        EV:  9    Int:  5    God:
Gold:   29         SH:  4    Dex:  9    Spells: 2/2 levels left

rFire   . . .      SeeInvis .   a - +0 war axe
rCold   . . .      Faith    .   c - +0 buckler
rNeg    . . .      Spirit   .   b - +0 scale mail
rPois   +          Reflect  .   (helmet restricted)
rElec   .          Harm     .   (no cloak)
rCorr   .          Rampage  .   (no gloves)
Will    .....                   (no boots)
Stlth   ..........              (no amulet)
HPRegen 0.11/turn               h - ring of poison resistance
MPRegen 0.08/turn               (no ring)

@: no status effects
A: horns 2, retaliatory headbutt
a: no special abilities


You were on level 2 of the Dungeon.
You visited 1 branch of the dungeon, and saw 2 of its levels.

You collected 29 gold pieces.

Inventory:

Hand Weapons
 a - a +0 war axe (weapon)
Armour
 b - a +0 scale mail (worn)
 c - a +0 buckler (worn)
Jewellery
 h - a ring of poison resistance (left hand)
Scrolls
 g - a scroll of poison {unknown}
 i - a scroll of identify {unknown}
Potions
 d - a potion of might
 e - a potion of curing {unknown}
 f - 2 potions of haste {unknown}


   Skills:
 * Level 4.0 Fighting
 * Level 3.0 Axes
 * Level 4.0 Armour
 * Level 1.1 Dodging
 * Level 4.0 Shields


You had 2 spell levels left.
You didn't know any spells.
Your spell library contained the following spells:

 Spells                   Type           Power      Damage    Failure   Level
 Frozen Ramparts          Ice            0%         1d1       99%         3
 Ice Form                 Ice/Tmut       0%         N/A       100%        4
 Summon Ice Beast         Ice/Summ       0%         N/A       100%        4


Dungeon Overview and Level Annotations

Branches:
Dungeon (2/15)

Altars:


Innate Abilities, Weirdness & Mutations

You have a pair of horns on your head.
You reflexively headbutt those who attack you in melee.


Message History

The gnoll barely misses you.
You hit the kobold.
You kill the kobold!
The gnoll hits you but does no damage.
The gnoll hits you from afar with a +0 halberd of protection!
The gnoll hits you with a +0 spear!
Things that are here:
a +0 whip; a +0 flail; a gnoll corpse You hit the gnoll.
Your headbutt misses the gnoll.
The gnoll is lightly wounded.
You block the gnoll's attack. The gnoll hits you but does no damage.
The gnoll closely misses you. The gnoll hits you but does no damage.
You closely miss the gnoll.
The gnoll is lightly wounded.
You block the gnoll's attack. The gnoll hits you with a +0 spear.
You are too injured to fight recklessly!
You are too injured to fight recklessly!
You are too injured to fight recklessly!
The gnoll attacks as you move away! The gnoll barely misses you.
The gnoll hits you but does no damage.
There is a stone staircase leading up here.
The gnoll hits you from afar with a +0 spear.
You climb upwards.
There is a stone staircase leading down here.
You start resting.
HP restored.
You climb downwards.
The gnoll hits you from afar with a +0 halberd of protection.
There is a stone staircase leading up here.
The gnoll hits you with a +0 halberd of protection!
The gnoll barely misses you.
You barely miss the gnoll.
The gnoll hits you with a +0 halberd of protection!
The gnoll barely misses you.
You hit the gnoll but do no damage.
The gnoll hits you with a +0 halberd of protection!
* * * LOW HITPOINT WARNING * * *
You block the gnoll's attack.
The gnoll hits you with a +0 halberd of protection.
You die...

#.. .>.. #.. #...
....# ..# #.#.# #g#
#.#.# #)# #.#.# #.#
#.#.## ######.#
##..<.## #..g.g.#
#...@#.#######.######
#.#..gg.........#
#..).#.#######..#
###...## #..... ##.##
#.##### #.# ..# #.#
### #.# #.#


You could see 2 gnolls.

Vanquished Creatures
  A gnoll (D:2)
  2 dart slugs (D:1)
  6 endoplasms (D:1)
  A giant cockroach (D:1)
  A goblin (D:1)
  A hobgoblin (D:1)
  3 kobolds
  5 ball pythons
  3 bats
  A rat (D:1)
24 creatures vanquished.

Notes
Turn   | Place    | Note
-------+----------+-------------------------------------------
     0 | D:1      | Earthwalker the Minotaur Fighter began the quest for the
                  | Orb.
     0 | D:1      | Reached XP level 1. HP: 19/19 MP: 0/0
   116 | D:1      | Reached XP level 2. HP: 24/27 MP: 1/1
   356 | D:1      | Reached skill level 1 in Dodging
   502 | D:2      | Reached XP level 3. HP: 18/33 MP: 2/2
   885 | D:2      | Slain by a gnoll

Illustrated notes

Levels and vault maps discovered:
D:1:      dpeg_arrival_arbitrary_c, layout_basic, amcnicky_mini_corridor_feature
D:2:      layout_loops_ring

Skill      XL: |  1  2  3 |
---------------+----------+-----
Dodging        | 1 |  1.1
Fighting       | 4 |  4.0
Armour         | 4 |  4.0
Shields        | 4 |  4.0
Axes           | 3 |  3.0

Action                   || total
-------------------------++-------
Melee: War axe           ||    54
       Headbutt          ||     7
Armor: Scale mail        ||    35
Dodge: Dodged            ||    21
Block: Buckler           ||    18
